 Dungeon Crawl Stone Soup version 0.29-a0-911-g88e6f02907 (webtiles) character file.

Game seed: 14991128816339122922

237 gelatine the Magician (level 5, -5/25 HPs)
             Began as a Deep Elf Fire Elementalist on July 26, 2022.
             Was an Initiate of Yredelemnul.
             Slain by a scorpion (6 damage)
             ... in an ossuary.
             The game lasted 00:10:49 (4070 turns).

gelatine the Magician (Deep Elf Fire Elementalist)  Turns: 4070, Time: 00:10:50

Health: -5/25      AC:  2    Str:  5    XL:     5   Next: 77%
Magic:  4/14       EV: 13    Int: 22    God:    Yredelemnul [......]
Gold:   225        SH:  0    Dex: 15    Spells: 11/14 levels left

rFire   . . .      SeeInvis .   n - +3 dagger
rCold   . . .      Faith    .   (no shield)
rNeg    . . .      Spirit   .   a - +0 robe
rPois   .          Reflect  .   h - +0 hat
rElec   .          Harm     .   f - +0 cloak
rCorr   .          Rampage  .   (no gloves)
Will    .....                   (no boots)
Stlth   ++........              (no amulet)
HPRegen 0.08/turn               (no ring)
MPRegen 0.14/turn               (no ring)

@: lethally poisoned (-5 -> -23)
A: hooves 1, deformed body, frail 1, noise suppression
a: Renounce Religion, Recall Undead Harvest


You were in an ossuary.
You worshipped Yredelemnul.
Yredelemnul was noncommittal.
You visited 1 branch of the dungeon, and saw 4 of its levels.
You also visited: Ossuary.

You collected 225 gold pieces.

Inventory:

Hand Weapons
 n - a +3 dagger (weapon)
Armour
 a - a +0 robe (worn)
 f - a +0 cloak (worn)
 h - a +0 hat (worn)
Scrolls
 d - a scroll of noise {unknown}
Potions
 b - a potion of magic
 g - 4 potions of mutation
 k - 2 potions of curing {unknown}
 l - 2 potions of attraction


   Skills:
 + Level 0.4 Fighting
 + Level 2.9 Dodging
 + Level 3.0 Stealth
 + Level 1.0 Unarmed Combat
 + Level 5.2 Spellcasting
 + Level 2.2 Conjurations
 + Level 4.9 Fire Magic
 + Level 0.3 Invocations


You had 11 spell levels left.
You knew the following spells:

 Your Spells              Type           Power      Damage    Failure   Level
a - Foxfire               Conj/Fire      84%        2x1d8     2%          1
b - Scorch                Fire           54%        2d7       1%          2

Your spell library contained the following spells:

 Spells                   Type           Power      Damage    Failure   Level
 Conjure Flame            Conj/Fire      21%        6-21      7%          3
 Inner Flame              Hex/Fire       16%        N/A       11%         3
 Flame Wave               Conj/Fire      21%        2d7       22%         4
 Cause Fear               Hex            2%         N/A       69%         4
 Discord                  Hex            2%         N/A       100%        8


Dungeon Overview and Level Annotations

Branches:
Dungeon (4/15)            Ossuary (1/1)
 Temple: D:4-7

Altars:
Yredelemnul


Innate Abilities, Weirdness & Mutations

You have large cloven feet.
Armour fits poorly on your strangely shaped body.
You are frail. (-10% HP)
You passively dampen the noise of your surroundings.


Message History

The scorpion completely misses you. The scorpion barely misses you. x2
The scorpion stings you but does no damage.
You closely miss the scorpion.
The scorpion is moderately wounded.
The scorpion misses you. The scorpion stings you.
The scorpion attacks as you move away! The scorpion barely misses you.
The scorpion attacks as you move away! The scorpion stings you.
The scorpion attacks as you move away! The scorpion stings you.
You feel much better. The scorpion barely misses you. x2
The scorpion stings you! The scorpion completely misses you.
You completely miss the scorpion.
The scorpion is moderately wounded.
The scorpion stings you. x2
You are poisoned.
The scorpion poisons you!
You hit the scorpion but do no damage.
The scorpion is moderately wounded.
You feel very sick. The scorpion stings you. The scorpion barely misses you.
You hit the scorpion.
The scorpion is moderately wounded.
You feel very sick. The scorpion barely misses you.
The scorpion stings you but does no damage.
You hit the scorpion but do no damage.
The scorpion is moderately wounded.
You feel sick. The scorpion stings you.
* * * LOW HITPOINT WARNING * * *
The scorpion stings you.
* * * LOW HITPOINT WARNING * * *
It was a potion of mutation.
You feel extremely strange.
You feel your surroundings grow quieter.
Your body twists and deforms.
You feel frail.
Your feet thicken and deform.
* * * LOW HITPOINT WARNING * * *
You feel sick. The scorpion stings you.
* * * LOW HITPOINT WARNING * * *
You are more poisoned.
The scorpion poisons you! The scorpion stings you.
You die...
Your body rises from the dead as a mindless zombie.

##8...8######
#....Z..#...#
#...8.s.'...#
#...#...#...#
## ######'##
#...#...#
#...8...#
#...s...#
##8@sZ8##
#...Z...#
#...8...#
#...#...#
##'######
#...#...#
#.∩.'.∩.#
#...#...#
#########


You could see 2 scorpions, a gnoll zombie and a human zombie.

Vanquished Creatures
  2 scorpions
  Jessica (D:2)
  A gnoll (D:1)
  An adder (D:2)
  2 worms (D:2)
  2 dart slugs
  4 orcs (D:3)
  8 ball pythons
  2 bats
  3 endoplasms
  7 giant cockroaches
  3 goblins
  2 hobgoblins
  2 kobolds
  4 frilled lizards
  A goblin zombie (Ossuary)
  3 hobgoblin zombies (Ossuary)
  5 rats
53 creatures vanquished.

Vanquished Creatures (collateral kills)
  An orc (D:3)
  A hobgoblin (D:1)
  2 ball pythons (D:1)
  A frilled lizard (D:1)
  3 foxfires (D:1)
8 creatures vanquished.

Vanquished Creatures (others)
  A bat zombie (D:1)
  A ball python zombie (D:2)
  A giant cockroach zombie (D:3)
  136 foxfires
  A fungus (D:1)
140 creatures vanquished.

Grand Total: 201 creatures vanquished

Notes
Turn   | Place    | Note
-------+----------+-------------------------------------------
     0 | D:1      | gelatine the Deep Elf Fire Elementalist began the quest for
                  | the Orb.
     0 | D:1      | Reached XP level 1. HP: 10/10 MP: 6/6
   428 | D:1      | Reached XP level 2. HP: 15/15 MP: 4/8
   634 | D:1      | Found a faded altar of an unknown god.
   693 | D:1      | Prayed at the altar of an unknown god.
   693 | D:1      | Became a worshipper of Yredelemnul the Dark
   693 | D:1      | Reached * piety under Yredelemnul
  1057 | D:1      | Reached ** piety under Yredelemnul
  1057 | D:1      | Reached XP level 3. HP: 16/19 MP: 10/10
  1265 | D:1      | Reached skill level 4 in Spellcasting
  1738 | D:2      | Noticed Jessica
  1741 | D:2      | Killed Jessica
  1858 | D:2      | Reached XP level 4. HP: 24/24 MP: 8/12
  2711 | D:3      | Noticed a scorpion
  2717 | D:3      | Killed a scorpion
  2718 | D:3      | Reached XP level 5. HP: 28/28 MP: 8/14
  2974 | D:3      | Learned a level 2 spell: Scorch
  4007 | D:4      | Found a sand-covered staircase.
  4015 | Ossuary  | Entered an ossuary
  4031 | Ossuary  | Reached skill level 1 in Unarmed Combat
  4031 | Ossuary  | Reached skill level 5 in Spellcasting
  4070 | Ossuary  | Gained mutation: You passively dampen the noise of your
                  | surroundings. [potion of mutation]
  4070 | Ossuary  | Gained mutation: Armour fits poorly on your strangely
                  | shaped body. [potion of mutation]
  4070 | Ossuary  | Gained mutation: You are frail. (-10% HP) [potion of
                  | mutation]
  4070 | Ossuary  | Gained mutation: You have large cloven feet. [potion of
                  | mutation]
  4070 | Ossuary  | HP: 1/25 [scorpion (1)]
  4070 | Ossuary  | Slain by a scorpion

Illustrated notes

Levels and vault maps discovered:
D:1:      dpeg_arrival_prison, layout_loops_ring, basic_ecumenical_altar,
          minmay_hedge_maze, dreamdust_princess_corridor
D:2:      layout_loops_ring, grunt_decor_cap, uniq_jessica
D:3:      layout_loops_cross, serial_bayou_pond_e
D:4:      layout_cave_pools, nicolae_ossuary_entry_plus,
          nicolae_shop_vocational, uniq_robin
Ossuary:  ossuary_minmay_scorpions

Skill      XL: |  1  2  3  4  5 |
---------------+----------------+-----
Spellcasting   | 4 5 |  5.2
Fire Magic     | 4 |  4.9
Conjurations   | 2 |  2.2
Stealth        | 3 |  3.0
Unarmed Combat | 1 |  1.0
Fighting       | |  0.4
Dodging        | |  2.9
Invocations    | |  0.3

Action                   |  1- 3 |  4- 6 || total
-------------------------+-------+-------++-------
Melee: Unarmed           |    76 |    56 ||   132
       Dagger            |       |    12 ||    12
 Cast: Foxfire           |    61 |    40 ||   101
       Scorch            |       |    16 ||    16
Invok: Recall Undead Har |       |     2 ||     2
  Use: Scroll            |       |     7 ||     7
       Potion            |       |     2 ||     2
 Stab: Sleeping          |     2 |     1 ||     3
Armor: Robe              |    16 |    13 ||    29
Dodge: Dodged            |    76 |    45 ||   121

Table legend: (Time is in decaauts)
 A = Elapsed time spent in this place.
 B = Non-inter-level travel time spent in this place.
 C = Inter-level travel time spent in this place.
 D = Time resting spent in this place.
 E = Time spent auto-exploring this place.
 F = Levels seen in this place.
 G = Mean time per level.
                   A        B        C        D        E       F      G
               +--------+--------+--------+--------+--------+-----+--------+
         Total |   4067 |   3989 |     78 |      0 |   3327 |   5 |  813.4 |
       Dungeon |   4012 |   3934 |     78 |      0 |   3327 |   4 | 1003.0 |
       Ossuary |     54 |     54 |      0 |      0 |      0 |   1 |   54.0 |
               +--------+--------+--------+--------+--------+-----+--------+

Top non-repeatable levels by time:
     D:1: 1613 daAuts
     D:3: 1329 daAuts
     D:2: 1018 daAuts
 Ossuary: 54 daAuts
     D:4: 50 daAuts
